 Dungeon Crawl Stone Soup version 0.24.0-123-gd5b16e6ec5 (webtiles) character file.

Game seed: 10862050660946723620, levelgen mode: deterministic

221 sagitran the Covered (level 5, 0/45 HPs)
             Began as a Demigod Fighter on Dec 20, 2019.
             Killed from afar by an orc wizard (7 damage)
             ... with a magic dart
             ... on level 4 of the Dungeon.
             The game lasted 00:13:38 (2875 turns).

sagitran the Covered (Demigod Fighter)              Turns: 2875, Time: 00:13:39

Health: 0/45       AC: 13    Str: 19    XL:     5   Next: 37%
Magic:  7/7        EV: 10    Int: 12    God:
Gold:   122        SH:  7    Dex: 20    Spells: 4/4 levels left

rFire    . . .     SeeInvis .   u - +2 falchion (holy)
rCold    . . .     Gourm    .   m - +2 buckler {AC+3}
rNeg     . . .     Faith    .   b - +0 scale mail
rPois    .         Spirit   .   (no helmet)
rElec    .         Reflect  .   t - +1 cloak
rCorr    .         Harm     .   q - +0 pair of gloves
MR       .....                  (no boots)
Stlth    ..........             (no amulet)
HPRegen  0.15/turn              l - +3 ring of dexterity
MPRegen  0.10/turn              (no ring)

@: slowed, very slow
A: high mp 1
a: no special abilities


You were on level 4 of the Dungeon.
You were not hungry.

You visited 1 branch of the dungeon, and saw 4 of its levels.

You collected 122 gold pieces.

Inventory:

Hand Weapons
 a - a +0 long sword
 u - a +2 falchion of holy wrath (weapon)
Armour
 b - a +0 scale mail (worn)
 c - a +0 shield
 m - a +2 buckler of protection (worn)
 n - a cursed +0 scale mail
 q - a +0 pair of gloves (worn)
 t - a +1 cloak (worn)
Jewellery
 l - a +3 ring of dexterity (left hand)
Scrolls
 e - a scroll of teleportation
 g - 2 scrolls of remove curse
 h - a scroll of blinking {unknown}
 i - 3 scrolls of identify {unknown}
 k - a scroll of amnesia {unknown}
 o - a scroll of immolation {unknown}
 p - a scroll of magic mapping {unknown}
 r - a scroll of enchant weapon {unknown}
Potions
 d - 2 potions of might
 j - a potion of lignification {unknown}
Comestibles
 f - 3 rations


   Skills:
 + Level 3.3 Fighting
 + Level 3.6 Long Blades
 + Level 3.6 Armour
 + Level 0.9 Dodging
 + Level 0.2 Stealth
 + Level 3.3 Shields


You had 4 spell levels left.
You didn't know any spells.
Your spell library was empty.

Dungeon Overview and Level Annotations

Branches:
Dungeon (4/15)
 Temple: D:4-7


Innate Abilities, Weirdness & Mutations

You have an increased reservoir of magic. (+10% MP)


Message History

The orc wizard casts a spell at you. The magic dart hits you.
The orc wizard casts a spell at you. The magic dart hits you.
* * * LOW HITPOINT WARNING * * *
You block the orc's attack.
You closely miss the orc. The orc wizard casts a spell at you.
The magic dart hits you.
* * * LOW HITPOINT WARNING * * *
You block the orc's attack.
You barely miss the orc. You block the orc's attack.
The orc hits you but does no damage.
You closely miss the orc wizard.
The orc wizard is almost dead.
You block the orc wizard's attack. The orc hits you with a +0 flail.
* * * LOW HITPOINT WARNING * * *
The orc wizard points at you and mumbles some strange words.
The magic dart hits you!
You die...

.....# .........+
...... ..
.....#....... ..
....#...... # . .
... ..... [# ... #.
#.# #..##..#
....#.##.###..##..#
.......o..#.......#
#.....o@).'.......#
#........##†......#
#....#######'###..#
#### ...##...##..#
.(.......†...#
.........#...#
##+###...#...#
#...#...# ..
#....#...#


You could see an orc wizard and an orc.

Vanquished Creatures
  A jelly (D:2)
  An orc priest (D:4)
  Robin (D:2)
  2 adders
  3 gnolls
  An ooze (D:2)
  3 worms
  4 leopard geckos
  2 orcs (D:4)
  2 bats
  16 goblins
  12 hobgoblins
  An iguana (D:2)
  7 jackals
  13 kobolds
  3 quokkas (D:3)
  A ball python (D:2)
  4 frilled lizards
  6 rats
83 creatures vanquished.

Notes
Turn   | Place    | Note
-------+----------+-------------------------------------------
     0 | D:1      | sagitran the Demigod Fighter began the quest for the Orb.
     0 | D:1      | Reached XP level 1. HP: 18/18 MP: 3/3
   695 | D:1      | Reached XP level 2. HP: 24/25 MP: 4/4
  1100 | D:2      | Found a shimmering altar of Xom.
  1105 | D:2      | Reached XP level 3. HP: 27/30 MP: 5/5
  1779 | D:2      | Reached XP level 4. HP: 18/38 MP: 6/6
  1968 | D:3      | Noticed Robin
  2016 | D:2      | Killed Robin
  2483 | D:3      | Reached XP level 5. HP: 36/45 MP: 7/7
  2791 | D:4      | Found a burning altar of Makhleb.
  2875 | D:4      | Killed from afar by an orc wizard

Levels and vault maps discovered:
D:1:      minmay_arrival_loop, layout_basic
D:2:      layout_basic, nrook_mini_vaults, dk_xom_monty_hall
D:3:      layout_rooms, uniq_robin
D:4:      cheibrodos_helix_gallery, layout_gridville, kennysheep_mini_moat,
          ashenzari_conservatory_becter, minmay_overflow_temple_star_quad,
          uniq_pikel

Skill      XL: |  1  2  3  4 |
---------------+-------------+-----
Shields        | 3 |  3.3
Armour         | 3 |  3.6
Long Blades    | 2 3 |  3.6
Fighting       | 3 |  3.3
Dodging        | |  0.9
Stealth        | |  0.2

Action                   |  1- 3 |  4- 6 || total
-------------------------+-------+-------++-------
Melee: Long sword        |   122 |   133 ||   255
       Falchion          |       |    14 ||    14
  Use: Potion            |     1 |     1 ||     2
       Scroll            |     1 |     1 ||     2
  Eat: Ration            |     1 |     1 ||     2
Armor: Scale mail        |    40 |    87 ||   127
Dodge: Dodged            |    37 |    82 ||   119
Block: Shield            |    81 |       ||    81
       Buckler           |     2 |    82 ||    84
       Rpst.: Long sword |    11 |    22 ||    33
